 Dungeon Crawl Stone Soup version 0.27-a0-34-gc18c9092ac (webtiles) character file.

Game seed: 5445712912549259909

50888 jasper the Cleaver (level 14, -2/120 HPs)
             Began as a Palentonga Fighter on Jan 4, 2021.
             Was a High Priest of Hepliaklqana.
             Slain by a nine-headed hydra (10 damage)
             ... on level 6 of the Lair of Beasts.
             The game lasted 00:35:09 (21743 turns).

jasper the Cleaver (Palentonga Fighter)            Turns: 21743, Time: 00:35:10

Health: -2/120     AC: 26    Str: 24    XL:     14   Next: 21%
Magic:  18/18      EV:  1    Int:  8    God:    Hepliaklqana [*****.]
Gold:   1528       SH: 19    Dex: 21    Spells: 13/13 levels left

rFire    + + +     SeeInvis +   R - +3 broad axe
rCold    + . .     Faith    .   r - +0 tower shield of the Undertaker {rF++ Will+ Str+4}
rNeg     . . .     Spirit   .   K - +3 gold dragon scales
rPois    +         Reflect  .   q - +2 hat
rElec    .         Harm     .   (no cloak)
rCorr    .         Rampage  .   (no gloves)
Will     ++...                  (no barding)
Stlth    ..........             v - amulet of magic regeneration
HPRegen  0.30/turn              M - +6 ring of dexterity
MPRegen  0.41/turn              X - ring of see invisible

@: curled up
A: large, reduced essence, rugged brown scales 3, see invisible, deformed body,
roll 1, armoured tail, reflexive curl
a: Rolling Charge, Renounce Religion, Recall Ancestor, Ancestor Identity,
Transference, Idealise


You were on level 6 of the Lair of Beasts.
You worshipped Hepliaklqana.
Hepliaklqana was extremely pleased with you.
You visited 4 branches of the dungeon, and saw 20 of its levels.
You also visited: Ossuary, Bailey and Gauntlet.

You collected 1968 gold pieces.
You spent 440 gold pieces at shops.

Inventory:

Hand Weapons
 I - a +0 morningstar
 P - a +0 morningstar
 R - a +3 broad axe (weapon)
Missiles
 d - 4 throwing nets
 e - 465 stones
Armour
 q - a +2 hat (worn)
 r - the +0 tower shield of the Undertaker (worn) {rF++ Will+ Str+4}
   (You found it on level 4 of the Dungeon)

   It affects your strength (+4).
   It greatly protects you from fire.
   It affects your willpower, your defense against some magical effects.
 J - +0 acid dragon scales
 K - +3 gold dragon scales (worn)
Jewellery
 b - an uncursed ring of flight
 n - an uncursed ring of wizardry
 v - an amulet of magic regeneration (around neck)
 x - a +6 ring of intelligence
 A - an uncursed amulet of guardian spirit
 B - an uncursed amulet of inaccuracy
 G - an uncursed ring of fire
 M - a +6 ring of dexterity (left hand)
 N - an uncursed ring of poison resistance
 U - the ring of Jaikkyra {Fire +Fly Str+7 Slay+3}
   (You took it off a minotaur in a Gauntlet)

   [ring of fire]

   It enhances your fire magic.
   It affects your strength (+7).
   It affects your accuracy and damage with ranged weapons and melee attacks
   (+3).
   It protects you from fire.
   It makes you vulnerable to cold.
   It lets you fly.
 X - a ring of see invisible (right hand)
 Y - an uncursed ring of stealth
Wands
 f - a wand of digging (10)
 l - a wand of iceblast (12)
 t - a wand of random effects (18)
 E - a wand of disintegration (24)
 F - a wand of polymorph (13)
 H - a wand of paralysis (6)
 L - a wand of flame (24)
 T - a wand of enslavement (16)
 W - a wand of acid (10)
Scrolls
 g - 2 scrolls of fog
 h - 3 scrolls of identify
 k - 15 scrolls of teleportation
 m - 15 scrolls of remove curse
 p - a scroll of fear
 y - a scroll of blinking
 S - a scroll of magic mapping
Potions
 i - 5 potions of curing
 j - 5 potions of brilliance
 o - 7 potions of haste
 s - 4 potions of cancellation
 u - 2 potions of ambrosia
 w - 3 potions of lignification
 z - 2 potions of invisibility
 C - 3 potions of degeneration
 O - 2 potions of flight
 Q - 2 potions of mutation
 Z - 3 potions of attraction
Miscellaneous
 a - a lightning rod (3/4)
 c - a phial of floods
 D - a condenser vane (inert)


   Skills:
 + Level 11.0 Fighting
 - Level 14.0 Axes
 + Level 9.4 Armour
 - Level 10.3 Shields
 - Level 6.0 Invocations
 - Level 6.0 Evocations


You had 13 spell levels left.
You didn't know any spells.
Your spell library contained the following spells:

 Spells                   Type           Power        Failure   Level
 Animate Skeleton         Necr           0%           100%        1
 Magic Dart               Conj           0%           100%        1
 Pain                     Necr           0%           100%        1
 Sandblast                Erth           0%           100%        1
 Sting                    Tmut/Pois      0%           100%        1
 Blink                    Tloc           N/A          100%        2
 Call Imp                 Summ           0%           100%        2
 Passwall                 Tmut/Erth      0%           100%        2
 Poisonous Vapours        Pois/Air       0%           100%        2
 Slow                     Hex            0%           100%        2
 Conjure Flame            Conj/Fire      0%           100%        3
 Ignite Poison            Fire/Tmut/Pois 0%           100%        3
 Mephitic Cloud           Conj/Pois/Air  0%           100%        3
 Stone Arrow              Conj/Erth      0%           100%        3
 Vampiric Draining        Necr           0%           100%        3
 Animate Dead             Necr           0%           100%        4
 Olgreb's Toxic Radiance  Pois           0%           100%        4
 Petrify                  Tmut/Erth      0%           100%        4
 Agony                    Necr           0%           100%        5
 Lee's Rapid Deconstruct  Erth           0%           100%        5


Dungeon Overview and Level Annotations

Branches:
Dungeon (11/15)            Temple (1/1) D:7            Lair (6/6) D:9
 Shoals (0/4) Lair:3        Snake (0/4) Lair:2        Slime (0/5) Lair:5
    Orc (2/2) D:10            Elf (0/3) Orc:2       Ossuary (visited)
 Bailey (visited)         Gauntlet (visited)

Altars:
Ashenzari
Cheibriados
Dithmenos
Elyvilon
Fedhas
Gozag
Hepliaklqana
Makhleb
Nemelex Xobeh
Okawaru
Ru
Sif Muna
Trog
Uskayaw
Vehumet
Wu Jian
Xom
Yredelemnul
Zin
The Shining One
Beogh
Jiyva

Shops:
D:9 }   Orc:1 !   Orc:2 ?

Annotations:
D:6 5 runed translucent doors
D:8 2 transporters, mojowtm's ghost, novice SpHu
D:9 exclusions: obsidian statue and 2 oklob plants
Lair:2 exclusion: oklob plant
Orc:2 3 runed translucent doors, Coron's ghost, journeyman DDWz


Innate Abilities, Weirdness & Mutations

You are completely covered in rugged brown scales. (AC +3, +7% HP)
You have supernaturally acute eyesight. (SInv)
Armour fits poorly on your strangely shaped body.
You can roll at nearby foes to attack.
You have a long armoured tail.
You curl defensively after being hit.
Your life essence is reduced to manifest your ancestor. (-10% HP)


Message History

The eight-headed hydra bites you but does no damage. x2
The eight-headed hydra bites you.
* * * LOW HITPOINT WARNING * * *
The eight-headed hydra bites you.
* * * LOW HITPOINT WARNING * * *
The eight-headed hydra bites you but does no damage.
You block the eight-headed hydra's attack.
The eight-headed hydra bites you but does no damage.
You take 1 damage, and have 21/120 hp.
You slice one of the eight-headed hydra's heads off!
The seven-headed hydra grows two more!
You slash the nine-headed hydra!
The nine-headed hydra is severely wounded.
The nine-headed hydra is engulfed in blazing flames.
The nine-headed hydra bites you but does no damage.
The nine-headed hydra bites you!
* * * LOW HITPOINT WARNING * * *
The nine-headed hydra bites you.
* * * LOW HITPOINT WARNING * * *
The nine-headed hydra bites you!
You die...

#...#.### ....# ........##
..... ......†..## #....$
.($#.#†.†.# .....
#.##†.#####...
#######..##†#/h##
####.#...#....#†D..##..
#####...#........#h.......#
..#.....†......#@#hhh.###..
...#.....#.#.#.##D#h..)#
...P#...##########§#..#.#
.....#### ##### # ....†##
..P...## ......P##
........# #...P..##


You could see a nine-headed hydra.

Vanquished Creatures
  Josephine (Orc:2)
  A boulder beetle (Lair:2)
  5 hydras
  A catoblepas (Lair:6)
  A queen ant (Gauntlet)
  2 two-headed ogres
  An orc knight (Bailey)
  An ugly thing (D:9)
  3 black mambas
  Joseph (D:7)
  Psyche (D:10)
  11 elephants
  12 cane toads
  3 rime drakes
  4 komodo dragons
  A troll (D:10)
  4 polar bears (Lair:6)
  3 hornets (Gauntlet)
  9 blink frogs
  4 dream sheep (Lair:4)
  A wraith (D:8)
  6 wyverns
  21 yaks
  2 basilisks
  2 steam dragons
  3 wargs
  3 nagas (Lair:2)
  Edmund (D:4)
  5 soldier ants (Gauntlet)
  5 hell hounds (Lair:6)
  8 water moccasins
  2 ice beasts
  8 orc warriors
  A sky beast (D:7)
  A necrophage (D:6)
  6 black bears
  6 ogres
  9 centaurs
  11 wolves
  A big kobold (D:10)
  8 bullfrogs
  3 elf zombies (Ossuary)
  A water moccasin zombie (D:9)
  3 wights
  7 killer bees (D:9)
  3 howler monkeys (D:4)
  A centaur zombie (D:9)
  2 hounds
  11 orc priests
  5 iguanas
  3 bullfrog skeletons
  4 centaur skeletons
  2 human zombies (D:8)
  6 hell rats
  14 orc wizards
  A human skeleton (D:8)
  8 worker ants
  3 big kobold zombies (Ossuary)
  2 hound zombies
  A hound skeleton (D:10)
  5 mummies
  A worker ant zombie (D:5)
  5 gnolls
  7 adders
  A shadow imp (D:9)
  2 adder zombies
  An adder skeleton (D:5)
  2 worms
  6 dart slugs
  2 leopard geckos
  31 orcs
  2 ball pythons
  7 bats
  5 giant cockroaches
  8 goblins
  5 hobgoblins
  22 jackals
  3 quokkas
  2 frilled lizards
  A goblin zombie (Ossuary)
  A jackal zombie (D:7)
  6 kobolds
  A leopard gecko skeleton (D:4)
  An orc skeleton (D:8)
  An orc zombie (Ossuary)
  8 rats
  2 rat zombies (Ossuary)
397 creatures vanquished.

Vanquished Creatures (collateral kills)
  A minotaur (Gauntlet)
  Snorg (Lair:3)
  Harold (D:8)
  An orc sorcerer (Orc:2)
  2 elephants (Lair:5)
  A manticore (D:9)
  A black mamba (Lair:6)
  5 cane toads
  Maggie (D:7)
  2 rime drakes (Lair:6)
  3 komodo dragons
  5 blink frogs
  A raiju (Gauntlet)
  2 dream sheep (Lair:4)
  2 wyverns
  6 yaks
  5 wraiths
  2 basilisks
  2 steam dragons
  2 wargs (Lair:6)
  A naga (Lair:2)
  A hell hound (Lair:6)
  2 water moccasins
  7 orc warriors
  5 black bears (Lair:6)
  4 wolves
  A centaur (Lair:3)
  An elf zombie (D:8)
  3 bullfrogs
  2 wights (D:9)
  4 killer bees (D:9)
  2 human zombies (D:8)
  A quasit (D:9)
  2 hounds (D:9)
  An orc priest (D:9)
  2 orc wizards
  3 hell rats
  A mummy (D:8)
  An adder (D:8)
  An ufetubus (D:9)
  20 orcs
  3 goblins (D:8)
  A rat (D:9)
115 creatures vanquished.

Vanquished Creatures (others)
  6 ancestors
  9 battlemagi
  16 fungi
  43 plants
74 creatures vanquished.

Grand Total: 586 creatures vanquished

Notes
Turn   | Place    | Note
-------+----------+-------------------------------------------
     0 | D:1      | jasper the Palentonga Fighter began the quest for the Orb.
     0 | D:1      | Reached XP level 1. HP: 20/20 MP: 1/1
    99 | D:1      | Reached XP level 2. HP: 27/27 MP: 2/2
   149 | D:1      | Reached skill level 3 in Axes
   353 | D:1      | Reached XP level 3. HP: 27/33 MP: 3/3
  1033 | D:2      | You fall into a shaft and drop 2 floors!
  1059 | D:4      | Reached skill level 4 in Axes
  1059 | D:4      | Reached XP level 4. HP: 40/40 MP: 4/4
  1106 | D:4      | Noticed Edmund
  1137 | D:4      | Killed Edmund
  1138 | D:4      | Reached skill level 6 in Axes
  1138 | D:4      | Reached XP level 5. HP: 15/48 MP: 5/5
  1153 | D:4      | Got a spiked tower shield
  1349 | D:4      | Identified the +0 tower shield of the Undertaker {rF++
                  | Will+ Str+4} (You found it on level 4 of the Dungeon)
  1418 | D:4      | Noticed an ogre
  1448 | D:4      | Killed an ogre
  1449 | D:4      | Reached XP level 6. HP: 28/54 MP: 6/6
  1966 | D:3      | Reached skill level 7 in Axes
  3281 | D:3      | Gained mutation: You curl defensively after being hit.
                  | [Palentonga growth]
  3281 | D:3      | Reached XP level 7. HP: 56/60 MP: 7/7
  3523 | D:4      | Found a shadowy altar of Dithmenos.
  3819 | D:4      | Reached skill level 8 in Axes
  3931 | D:5      | Entered Level 5 of the Dungeon
  4107 | D:4      | Reached skill level 9 in Axes
  4326 | D:4      | Reached XP level 8. HP: 50/67 MP: 8/8
  4929 | D:6      | Reached skill level 5 in Shields
  5209 | D:6      | Found a sand-covered staircase.
  5245 | Ossuary  | Entered an ossuary
  5673 | D:6      | Found the +9 staff of Olgreb {rPois∞}
  5677 | D:6      | Found a runed translucent door.
  5682 | D:6      | Found a runed translucent gate.
  5682 | D:6      | Found a runed translucent gate.
  5683 | D:6      | Found a runed translucent door.
  5857 | D:6      | Found a glowing silver altar of Zin.
  5955 | D:6      | Found a runed translucent gate.
  6166 | D:7      | Noticed Joseph
  6182 | D:7      | Killed Joseph
  6183 | D:7      | Reached XP level 9. HP: 36/73 MP: 9/9
  6362 | D:7      | Found a staircase to the Ecumenical Temple.
  6377 | Temple   | Entered the Ecumenical Temple
  6487 | Temple   | Became a worshipper of Hepliaklqana the Forgotten
  6696 | D:7      | Noticed Maggie
  6697 | D:7      | Paralysed by Maggie for 7 turns
  6714 | D:7      | Killed Maggie
  7189 | D:8      | Found a transporter.
  7233 | D:8      | Found a transporter.
  7233 | D:8      | Noticed a moth of wrath
  7235 | D:8      | Noticed mojowtm's ghost (novice SpHu)
  7236 | D:8      | Found a bloodstained altar of Trog.
  7362 | D:8      | Noticed a two-headed ogre
  7369 | D:8      | Killed a two-headed ogre
  7381 | D:8      | Found a sparkling altar of Nemelex Xobeh.
  7395 | D:8      | Found a shimmering altar of Xom.
  7395 | D:8      | Found a shimmering altar of Xom.
  7395 | D:8      | Found a shimmering altar of Xom.
  7395 | D:8      | Found a shimmering altar of Xom.
  7395 | D:8      | Found a shimmering altar of Xom.
  7396 | D:8      | Found a shimmering altar of Xom.
  7460 | D:8      | Reached * piety under Hepliaklqana
  7606 | D:8      | Noticed a rime drake
  7606 | D:8      | a tengu changed into a rime drake
  7693 | D:8      | Found a flagged portal.
  7693 | D:8      | Noticed Harold
  7720 | D:8      | Killed Harold
  7721 | D:8      | Reached skill level 10 in Shields
  7721 | D:8      | Reached XP level 10. HP: 74/74 MP: 10/10
  7725 | Bailey   | Entered a bailey
  8258 | Bailey   | Noticed an orc knight
  8288 | Bailey   | Killed an orc knight
  8477 | Bailey   | Reached skill level 10 in Axes
  8973 | D:8      | Found a basalt altar of Yredelemnul.
  9204 | D:9      | Reached skill level 11 in Axes
  9484 | D:9      | Found a blossoming altar of Fedhas.
  9486 | D:9      | Noticed an oklob plant
  9486 | D:9      | Noticed an oklob plant
  9735 | D:9      | Found Tyghikhlo's Gadget Shoppe.
  9746 | D:9      | Bought a condenser vane for 440 gold pieces
  9747 | D:9      | Found a bloodstained altar of Trog.
  9769 | D:9      | Found a hide-covered altar of Uskayaw.
  9932 | D:9      | Noticed a brown ugly thing
  9969 | D:9      | Killed a brown ugly thing
  9974 | D:9      | Noticed a two-headed ogre
  9986 | D:10     | Entered Level 10 of the Dungeon
 10113 | D:10     | Found a staircase to the Orcish Mines.
 10123 | D:10     | Reached skill level 12 in Axes
 10281 | D:9      | Killed a two-headed ogre
 10282 | D:9      | Reached XP level 11. HP: 76/79 MP: 11/11
 10355 | D:9      | Noticed an obsidian statue
 10580 | D:10     | Noticed Psyche
 10589 | D:10     | Killed Psyche
 10631 | D:10     | Noticed an eight-headed hydra
 10743 | D:11     | Noticed a boulder beetle
 10863 | Orc:1    | Entered Level 1 of the Orcish Mines
 10867 | Orc:1    | Reached ** piety under Hepliaklqana
 10880 | Orc:1    | Reached skill level 13 in Axes
 11035 | Orc:1    | Remembered your ancestor Khalidah as a battlemage
 11345 | Orc:1    | Found Ickujayqar's Distillery.
 11487 | Orc:1    | Found a roughly hewn altar of Beogh.
 11698 | Orc:2    | Entered Level 2 of the Orcish Mines
 11987 | Orc:2    | Found a runed translucent gate.
 11987 | Orc:2    | Found a runed translucent gate.
 11987 | Orc:2    | Found a runed translucent gate.
 11988 | Orc:2    | Noticed Coron's ghost (journeyman DDWz)
 12032 | Orc:2    | Noticed Josephine
 12056 | Orc:2    | Killed Josephine
 12316 | Orc:2    | Reached skill level 14 in Axes
 12354 | Orc:2    | Found a staircase to the Elven Halls.
 12467 | Orc:2    | Reached skill level 1 in Invocations
 12608 | Orc:2    | Noticed an orc sorcerer
 12609 | Orc:2    | Found Harphixa's Magic Scroll Boutique.
 12609 | Orc:2    | Noticed an orc knight
 12609 | Orc:2    | Noticed an orc knight
 12612 | Orc:2    | Noticed an orc high priest
 12616 | Orc:2    | Killed an orc sorcerer
 12617 | Orc:2    | Reached skill level 1 in Evocations
 12623 | Orc:2    | Noticed a sun demon
 12627 | Orc:2    | Noticed an orc sorcerer
 12628 | Orc:2    | Noticed an orc high priest
 13001 | D:9      | Found a bloodstained altar of Trog.
 13090 | D:9      | Found a staircase to the Lair.
 13093 | D:9      | Reached *** piety under Hepliaklqana
 13256 | Lair:1   | Entered Level 1 of the Lair of Beasts
 13777 | Lair:1   | Reached XP level 12. HP: 85/89 MP: 14/14
 13857 | Lair:1   | Reached skill level 5 in Fighting
 15029 | Lair:2   | Noticed an eight-headed hydra
 15033 | Lair:2   | Killed an eight-headed hydra
 15034 | Lair:2   | Reached skill level 5 in Invocations
 15091 | Lair:2   | Found a radiant altar of Vehumet.
 15092 | Lair:2   | Noticed a boulder beetle
 15112 | Lair:2   | Killed a boulder beetle
 15277 | Lair:2   | Noticed a seven-headed hydra
 15290 | Lair:2   | Killed a seven-headed hydra
 15291 | Lair:2   | Reached skill level 5 in Armour
 15627 | Lair:2   | Found a staircase to the Snake Pit.
 15645 | Lair:2   | Reached skill level 5 in Evocations
 16071 | Lair:3   | Found a gate leading to a gauntlet.
 16083 | Gauntlet | Entered a Gauntlet
 16083 | Gauntlet | Reached **** piety under Hepliaklqana
 16083 | Gauntlet | Found a transporter.
 16083 | Gauntlet | Found a transporter.
 16083 | Gauntlet | Found a transporter.
 16086 | Gauntlet | Found a transporter.
 16098 | Gauntlet | Found a transporter.
 16099 | Gauntlet | Found a transporter.
 16105 | Gauntlet | Found a transporter.
 16109 | Gauntlet | Noticed a queen ant
 16120 | Gauntlet | Found a transporter.
 16120 | Gauntlet | Noticed a death scarab
 16142 | Gauntlet | Found a transporter.
 16167 | Gauntlet | Found a transporter.
 16215 | Gauntlet | Noticed a dire elephant
 16227 | Gauntlet | Found a transporter.
 16230 | Gauntlet | Noticed a death scarab
 16237 | Gauntlet | Found a transporter.
 16316 | Gauntlet | Paralysed by a hornet for 1 turns
 16696 | Gauntlet | Killed a queen ant
 16988 | Gauntlet | Identified the ring of Jaikkyra {Fire +Fly Str+7 Slay+3}
 16988 | Gauntlet | Noticed a minotaur
 17002 | Gauntlet | Killed a minotaur
 17003 | Gauntlet | Reached XP level 13. HP: 23/98 MP: 17/17
 17451 | Lair:3   | Found a staircase to the Shoals.
 17637 | Lair:3   | Noticed Snorg
 17646 | Lair:3   | Killed Snorg
 19080 | Lair:4   | Reached ***** piety under Hepliaklqana
 19853 | Lair:5   | Found a staircase to the Slime Pits.
 19855 | Lair:5   | Found a viscous altar of Jiyva.
 20451 | Lair:6   | Entered Level 6 of the Lair of Beasts
 20485 | Lair:6   | Reached skill level 10 in Fighting
 21059 | Lair:6   | Reached XP level 14. HP: 108/118 MP: 18/18
 21743 | Lair:6   | Slain by a nine-headed hydra

Illustrated notes

Levels and vault maps discovered:
D:1:      zaba_arrival_water, layout_basic, minmay_pentomino_x2
D:2:      layout_loops_corners
D:3:      layout_basic
D:4:      layout_cave_pods, nicolae_dithmenos_the_darkroom, uniq_edmund
D:5:      layout_cave_pools
D:6:      layout_loops_ring, lemuel_round_altar, enter_ossuary_1,
          minmay_guarded_unrand_staff_of_olgreb
D:7:      layout_loops_ring, minmay_temple_entry_arrows, uniq_maggie,
          uniq_joseph
D:8:      layout_loops_cross, lemuel_round_altar,
          lemuel_mausoleum_altar_yredelemnul, xom_shifter_show,
          gammafunk_ghost_wrathful_warriors, enter_bailey_5, uniq_harold
D:9:      layout_irregular_city, overflow_temple_1_default, lemuel_round_altar,
          serial_shops, nicolae_shop_stone, minivault_20, minivault_16,
          hangedman_tree_tricks, tgw_trog
D:10:     minmay_imperfect_grid, layout_loops_ring, david_orc_2, uniq_fannar,
          uniq_psyche
D:11:     layout_basic, serial_shops, shop, kennysheep_generic_room_9
Temple:   nicolae_temple_elliptical
Lair:1:   layout_layer_cave
Lair:2:   layout_roguey, guppyfry_snake_entry_island, lemuel_oklob_altar
Lair:3:   cheibrodos_lair_river_kwai, layout_cave_shapes,
          minmay_shoals_entry_centaurs, gauntlet_entry_generic, uniq_snorg
Lair:4:   layout_roguey
Lair:5:   layout_big_grid, slime_altar_1, serial_bayou_pond_a
Lair:6:   hangedman_lair_caniforms_friends, layout_cave_pods, grunt_megastairs_1
Orc:1:    layout_caves, serial_shops, shop, mines1_david
Orc:2:    st_orc_elflike, layout_diamond_mine, ebering_ghost_rock_garden,
          uniq_josephine

Skill      XL: |  1  2  3  4  5  6  7  8  9 10 11 12 13 14 |
---------------+-------------------------------------------+-----
Axes           | 3 4 6 7 9 12 14 | 14.0
Shields        | 3 7 10 | 10.3
Invocations    | 3 6 |  6.0
Evocations     | 2 5 6 |  6.0
Armour         | 3 5 8 9 |  9.4
Fighting       | 4 7 10 11 | 11.0

Action                   |  1- 3 |  4- 6 |  7- 9 | 10-12 | 13-15 || total
-------------------------+-------+-------+-------+-------+-------++-------
Melee: War axe           |    53 |   138 |   242 |   367 |       ||   800
       Tailslap          |     7 |    17 |    42 |   119 |    82 ||   267
       Broad axe         |       |       |       |   307 |   333 ||   640
Invok: Ancestor Identity |       |       |       |     1 |       ||     1
       Recall Ancestor   |       |       |       |     1 |       ||     1
       Ancestor Life: Ba |       |       |       |     1 |       ||     1
 Abil: Rolling Charge    |    19 |    22 |    19 |    26 |    12 ||    98
Evoke: Wand              |       |       |       |    25 |    13 ||    38
       Condenser vane    |       |       |       |     2 |     1 ||     3
       Lightning rod     |       |       |       |       |     4 ||     4
  Use: Potion            |     2 |     1 |     4 |     4 |     3 ||    14
       Scroll            |       |       |     9 |    12 |     5 ||    26
 Stab: Distracted        |       |       |       |     6 |     9 ||    15
       Invisible         |       |       |       |     6 |       ||     6
       Petrified         |       |       |       |       |     9 ||     9
       Paralysed         |       |       |       |       |     4 ||     4
Armor: Scale mail        |    18 |       |       |       |       ||    18
       Chain mail        |     6 |    66 |   118 |    15 |       ||   205
       Gold dragon scale |       |       |       |   274 |   220 ||   494
Dodge: Dodged            |     8 |     5 |    16 |    22 |    14 ||    65
Block: Kite shield       |    25 |     8 |       |       |       ||    33
       Tower shield      |       |    93 |   231 |   648 |   371 ||  1343

Table legend: (Time is in decaauts)
 A = Elapsed time spent in this place.
 B = Non-inter-level travel time spent in this place.
 C = Inter-level travel time spent in this place.
 D = Time resting spent in this place.
 E = Time spent auto-exploring this place.
 F = Levels seen in this place.
 G = Mean time per level.
                   A        B        C        D        E       F      G
               +--------+--------+--------+--------+--------+-----+--------+
         Total |  21908 |  21395 |    513 |   3842 |  13853 |  23 |  952.5 |
       Dungeon |   9887 |   9531 |    356 |   1838 |   5969 |  11 |  898.8 |
        Temple |    133 |     92 |     41 |      0 |     90 |   1 |  133.0 |
          Lair |   7597 |   7531 |     66 |    433 |   6116 |   6 | 1266.2 |
  Orcish Mines |   2125 |   2075 |     50 |    936 |    814 |   2 | 1062.5 |
       Ossuary |    297 |    297 |      0 |     17 |    225 |   1 |  297.0 |
        Bailey |    931 |    931 |      0 |    319 |    224 |   1 |  931.0 |
      Gauntlet |    934 |    934 |      0 |    298 |    414 |   1 |  934.0 |
               +--------+--------+--------+--------+--------+-----+--------+

Top non-repeatable levels by time:
     D:4: 2252 daAuts
  Lair:1: 1733 daAuts
     D:9: 1420 daAuts
  Lair:3: 1398 daAuts
   Orc:1: 1210 daAuts
  Lair:5: 1177 daAuts
  Lair:4: 1112 daAuts
  Lair:6: 1106 daAuts
  Lair:2: 1068 daAuts
     D:8: 1034 daAuts
Gauntlet: 934 daAuts
  Bailey: 931 daAuts
   Orc:2: 914 daAuts
     D:1: 873 daAuts
     D:7: 857 daAuts
